3AAA
BALBOA BUCCANEERS @ AUGUSTA TIMBER HAWKS
09/05/2019
 
TOP OF THE 1ST
Balboa Buccaneers batting - Pitching for Augusta Timber Hawks : RHP Fraser Cuevas
Pitching: RHP Fraser Cuevas
Batting: LHB Steve Grimes 0-0: Ball
1-0: Called Strike
1-1: Fly out, F6 (Popup, 56D)
Batting: RHB Denis Taylor 0-0: Ground out U3 (Groundball, 3S)
Batting: RHB Miguel Ramírez 0-0: Ball
1-0: Ball
2-0: Swinging Strike
2-1: Foul Ball, location: 2F
2-2: Strikes out swinging, 2-3 out at first.
Top of the 1st over - 0 run(s), 0 hit(s), 0 error(s), 0 left on base; Balboa 0 - Augusta 0
BOTTOM OF THE 1ST
Augusta Timber Hawks batting - Pitching for Balboa Buccaneers : RHP Luis Flores
Pitching: RHP Luis Flores
Batting: RHB Billy Strauss 0-0: Ground out 4-3 (Groundball, 4)
Batting: RHB Tom Strickland 0-0: Ball
1-0: Foul Ball, location: 2F
1-1: Ball
2-1: Ball
3-1: Base on Balls
Batting: SHB Lawrence Franklin 0-0: Called Strike
0-1: Ground out 4-3 (Groundball, 13)
Tom Strickland to second
Batting: RHB Phil Hayes 0-0: Ball
1-0: Called Strike
1-1: Called Strike
1-2: Ball
2-2: Foul Ball, location: 2F
2-2: Fly out, F7 (Flyball, 7M)
Bottom of the 1st over - 0 run(s), 0 hit(s), 0 error(s), 1 left on base; Balboa 0 - Augusta 0
TOP OF THE 2ND
Balboa Buccaneers batting - Pitching for Augusta Timber Hawks : RHP Fraser Cuevas
Batting: SHB Walt Smith 0-0: Called Strike
0-1: Fly out, F6 (Popup, 6M)
Batting: RHB Roy Childress 0-0: Ball
1-0: Ball
2-0: Called Strike
2-1: Fly out, F8 (Flyball, 8RD)
Batting: RHB Matt Nelson 0-0: Ball
1-0: Called Strike
1-1: Foul Ball, location: 2F
1-2: Foul Ball, location: 2F
1-2: Foul Ball, location: 2F
1-2: Ground out 5-3 (Groundball, 56)
Top of the 2nd over - 0 run(s), 0 hit(s), 0 error(s), 0 left on base; Balboa 0 - Augusta 0
BOTTOM OF THE 2ND
Augusta Timber Hawks batting - Pitching for Balboa Buccaneers : RHP Luis Flores
Batting: RHB Juan Banda 0-0: Called Strike
0-1: SOLO HOME RUN (Flyball, 7D), Distance : 423 ft
Batting: SHB José Salazar 0-0: Called Strike
0-1: Foul Ball, location: 2F
0-2: Ball
1-2: Ball
2-2: Ground out 6-3 (Groundball, 6)
Batting: LHB Tomás Guillén 0-0: Ground out 3-1 (Groundball, 34)
Batting: RHB Quinn Johnson 0-0: Ball
1-0: Swinging Strike
1-1: Foul Ball, location: 2F
1-2: Strikes out looking
Bottom of the 2nd over - 1 run(s), 1 hit(s), 0 error(s), 0 left on base; Balboa 0 - Augusta 1
TOP OF THE 3RD
Balboa Buccaneers batting - Pitching for Augusta Timber Hawks : RHP Fraser Cuevas
Batting: RHB Bill Manning 0-0: Ball
1-0: Fly out, F9 (Flyball, 9M)
Batting: SHB Wook-jin Pae 0-0: Ball
1-0: Called Strike
1-1: Ball
2-1: Ball
3-1: SINGLE (Groundball, 4MD) (infield hit)
Batting: RHB Leonard James 0-0: Called Strike
Wook-jin Pae is caught stealing 2nd base
0-1: Ground out 2-3 (Groundball, 2L)
Top of the 3rd over - 0 run(s), 1 hit(s), 0 error(s), 0 left on base; Balboa 0 - Augusta 1
BOTTOM OF THE 3RD
Augusta Timber Hawks batting - Pitching for Balboa Buccaneers : RHP Luis Flores
Batting: LHB Eugene Lawrence 0-0: Ball
1-0: Foul Ball, location: 2F
1-1: Ball
2-1: Ball
3-1: Base on Balls
Batting: RHB Billy Strauss 0-0: Called Strike
0-1: Swinging Strike
0-2: Strikes out swinging
Batting: RHB Tom Strickland 0-0: Fly out, F6 (Popup, 6MD)
Batting: SHB Lawrence Franklin 0-0: Ball
1-0: Called Strike
Eugene Lawrence steals 2nd base
1-1: Called Strike
1-2: SINGLE (Groundball, 56D)
Eugene Lawrence to third
Runner from 3rd tries for Home, SAFE, no throw or cutoff
Batting: RHB Phil Hayes 0-0: Ball
1-0: Swinging Strike
1-1: DOUBLE (Line Drive, 6M)
Lawrence Franklin to third
Batting: RHB Juan Banda 0-0: Ball
1-0: Foul Ball, location: 2F
1-1: Fly out, F8 (Flyball, 78M)
Bottom of the 3rd over - 1 run(s), 2 hit(s), 0 error(s), 2 left on base; Balboa 0 - Augusta 2
TOP OF THE 4TH
Balboa Buccaneers batting - Pitching for Augusta Timber Hawks : RHP Fraser Cuevas
Batting: LHB Steve Grimes 0-0: Ball
1-0: Fly out, F7 (Flyball, 7M)
Batting: RHB Denis Taylor 0-0: Called Strike
0-1: Swinging Strike
0-2: Ball
1-2: Strikes out swinging
Batting: RHB Miguel Ramírez 0-0: Called Strike
0-1: Ground out 5-3 (Groundball, 5S)
Top of the 4th over - 0 run(s), 0 hit(s), 0 error(s), 0 left on base; Balboa 0 - Augusta 2
BOTTOM OF THE 4TH
Augusta Timber Hawks batting - Pitching for Balboa Buccaneers : RHP Luis Flores
Batting: SHB José Salazar 0-0: Ball
1-0: Ground out 6-3 (Groundball, 6)
Batting: LHB Tomás Guillén 0-0: Swinging Strike
0-1: Foul Ball, location: 2F
0-2: Foul Ball, location: 2F
0-2: Ball
1-2: Foul Ball, location: 2F
1-2: Ball
2-2: Strikes out looking
Batting: RHB Quinn Johnson 0-0: Ball
1-0: Ball
2-0: Foul Ball, location: 2F
2-1: Ball
3-1: Fly out, F9 (Flyball, 9M)
Bottom of the 4th over - 0 run(s), 0 hit(s), 0 error(s), 0 left on base; Balboa 0 - Augusta 2
TOP OF THE 5TH
Balboa Buccaneers batting - Pitching for Augusta Timber Hawks : RHP Fraser Cuevas
Batting: SHB Walt Smith 0-0: Ball
1-0: Ball
2-0: Ball
3-0: Called Strike
3-1: Called Strike
3-2: Foul Ball, location: 2F
3-2: SINGLE (Groundball, 56D) (infield hit)
Batting: RHB Roy Childress 0-0: Ball
1-0: Ball
2-0: Called Strike
2-1: Ball
3-1: Foul Ball, location: 2F
3-2: Fielders Choice at 2nd, 5-4 (Groundball, 56)
Batting: RHB Matt Nelson 0-0: Called Strike
0-1: Foul Ball, location: 2F
0-2: Foul Ball, location: 2F
0-2: Ball
1-2: Foul Ball, location: 2F
1-2: Ball
2-2: Ball
3-2: Foul Ball, location: 2F
3-2: Fly out, F8 (Line Drive, 8LM)
Batting: RHB Bill Manning 0-0: Ball
1-0: Called Strike
1-1: Called Strike
1-2: Foul Ball, location: 2F
1-2: Ground out 3-1 (Groundball, 34)
Top of the 5th over - 0 run(s), 1 hit(s), 0 error(s), 1 left on base; Balboa 0 - Augusta 2
BOTTOM OF THE 5TH
Augusta Timber Hawks batting - Pitching for Balboa Buccaneers : RHP Luis Flores
Batting: LHB Eugene Lawrence 0-0: Ball
1-0: Ball
2-0: Called Strike
2-1: Ball
3-1: Fly out, F7 (Flyball, 7S)
Batting: RHB Billy Strauss 0-0: Ball
1-0: Ball
2-0: Foul Ball, location: 2F
2-1: Foul Ball, location: 2F
2-2: Ground out 5-3 (Groundball, 5)
Batting: RHB Tom Strickland 0-0: Swinging Strike
0-1: Ball
1-1: Called Strike
1-2: Ball
2-2: Ground out 6-3 (Groundball, 6M)
Bottom of the 5th over - 0 run(s), 0 hit(s), 0 error(s), 0 left on base; Balboa 0 - Augusta 2
TOP OF THE 6TH
Balboa Buccaneers batting - Pitching for Augusta Timber Hawks : RHP Fraser Cuevas
Batting: SHB Wook-jin Pae 0-0: Swinging Strike
0-1: Called Strike
0-2: Foul Ball, location: 2F
0-2: Strikes out swinging
Batting: RHB Leonard James 0-0: Ball
1-0: Foul Ball, location: 2F
1-1: Foul Ball, location: 2F
1-2: SINGLE (Groundball, 6MD)
Batting: LHB Steve Grimes 0-0: Ball
1-0: Called Strike
1-1: Ball
Leonard James steals 2nd base
2-1: Ball
3-1: Fly out, F4 (Line Drive, 34D)
Batting: RHB Denis Taylor 0-0: Ball
1-0: SINGLE (Line Drive, 8RS)
Leonard James to third
Runner from 3rd tries for Home, SAFE, no throw or cutoff
Batting: RHB Miguel Ramírez 0-0: Ball
1-0: Ball
2-0: Called Strike
2-1: Ball
3-1: Foul Ball, location: 2F
3-2: Foul Ball, location: 2F
3-2: SINGLE (Line Drive, 4M)
Denis Taylor to second
Denis Taylor to third
Batting: SHB Walt Smith 0-0: Ball
1-0: Called Strike
1-1: Foul Ball, location: 2F
1-2: Ground out 1-3 (Groundball, 15)
Top of the 6th over - 1 run(s), 3 hit(s), 0 error(s), 2 left on base; Balboa 1 - Augusta 2
BOTTOM OF THE 6TH
Augusta Timber Hawks batting - Pitching for Balboa Buccaneers : RHP Luis Flores
Batting: SHB Lawrence Franklin 0-0: Called Strike
0-1: Ball
1-1: Ball
2-1: Ball
3-1: Fly out, F9 (Flyball, 9LM)
Batting: RHB Phil Hayes 0-0: Called Strike
0-1: Swinging Strike
0-2: Ball
1-2: Strikes out swinging
Batting: RHB Juan Banda 0-0: Called Strike
0-1: SINGLE (Groundball, 4D)
Batting: SHB José Salazar 0-0: Called Strike
0-1: Fly out, F5 (Popup, 5)
Bottom of the 6th over - 0 run(s), 1 hit(s), 0 error(s), 1 left on base; Balboa 1 - Augusta 2
TOP OF THE 7TH
Balboa Buccaneers batting - Pitching for Augusta Timber Hawks : RHP Fraser Cuevas
Batting: RHB Roy Childress 0-0: Ball
1-0: Fly out, F9 (Flyball, 9M)
Batting: RHB Matt Nelson 0-0: Ball
1-0: Foul Ball, location: 2F
1-1: Fly out, F8 (Flyball, 8LM)
Batting: RHB Bill Manning 0-0: Ball
1-0: DOUBLE (Groundball, 3L)
Pitching: RHP Claudio Salinas
Batting: SHB Wook-jin Pae 0-0: Called Strike
0-1: Ball
1-1: Ball
2-1: Fly out, F3 (Line Drive, 34)
Top of the 7th over - 0 run(s), 1 hit(s), 0 error(s), 1 left on base; Balboa 1 - Augusta 2
BOTTOM OF THE 7TH
Augusta Timber Hawks batting - Pitching for Balboa Buccaneers : RHP Luis Flores
Batting: LHB Tomás Guillén 0-0: Ball
1-0: Fly out, F8 (Flyball, 8LD)
Batting: RHB Quinn Johnson 0-0: Ball
1-0: Called Strike
1-1: SINGLE (Line Drive, 4MD)
Pinch Hitting: LHB Bob Hensley 0-0: Ball
1-0: Reached on error, E4 (Groundball, 34)
Quinn Johnson to second
Pinch Hitting: RHB Rob Young 0-0: Foul Ball, location: 2F
0-1: Fly out, F8 (Flyball, 8LM)
Batting: RHB Tom Strickland 0-0: Foul Ball, location: 2F
0-1: Ball
1-1: Foul Ball, location: 2F
1-2: Ball
2-2: Ground out 5-3 (Groundball, 56S)
Bottom of the 7th over - 0 run(s), 1 hit(s), 1 error(s), 2 left on base; Balboa 1 - Augusta 2
TOP OF THE 8TH
Balboa Buccaneers batting - Pitching for Augusta Timber Hawks : RHP Claudio Salinas
Pitching: RHP Jorge Guerrero
Now at 1B: Bob Hensley
Now in CF: Rob Young
Batting: RHB Leonard James 0-0: Called Strike
0-1: Foul Ball, location: 2F
0-2: Strikes out looking
Pitching: LHP Eric Patnode
Batting: LHB Steve Grimes 0-0: Ball
1-0: Ground out 5-3 (Groundball, 56)
Pitching: RHP Pat Vogel
Batting: RHB Denis Taylor 0-0: Ball
1-0: Called Strike
1-1: Called Strike
1-2: Ball
2-2: Ball
3-2: Strikes out swinging
Top of the 8th over - 0 run(s), 0 hit(s), 0 error(s), 0 left on base; Balboa 1 - Augusta 2
BOTTOM OF THE 8TH
Augusta Timber Hawks batting - Pitching for Balboa Buccaneers : RHP Luis Flores
Batting: SHB Lawrence Franklin 0-0: Ball
1-0: Foul Ball, location: 2F
1-1: Ball
2-1: Ball
3-1: Base on Balls
Batting: RHB Phil Hayes 0-0: Called Strike
0-1: Swinging Strike
0-2: Ball
1-2: Grounds into double play, U4-3 (Groundball, 4)
Batting: RHB Juan Banda 0-0: Called Strike
0-1: Ball
1-1: Foul Ball, location: 2F
1-2: Ground out 5-3 (Groundball, 5)
Bottom of the 8th over - 0 run(s), 0 hit(s), 0 error(s), 0 left on base; Balboa 1 - Augusta 2
TOP OF THE 9TH
Balboa Buccaneers batting - Pitching for Augusta Timber Hawks : RHP Pat Vogel
Pitching: RHP César Galló
Batting: RHB Miguel Ramírez 0-0: Called Strike
0-1: Ball
1-1: Ball
2-1: Ball
3-1: Called Strike
3-2: Foul Ball, location: 2F
3-2: SINGLE (Flyball, 6MD)
Batting: SHB Walt Smith 0-0: Ball
1-0: Ball
2-0: Ball
3-0: Called Strike
3-1: Called Strike
3-2: Strikes out looking
Batting: RHB Roy Childress 0-0: Ball
Wild Pitch!
Miguel Ramírez to second
1-0: Ball
2-0: Reached on error, E4 (Groundball, 4)
Miguel Ramírez to third
Batting: RHB Matt Nelson 0-0: Swinging Strike
0-1: Ball
1-1: Ball
2-1: Foul Ball, location: 2F
2-2: Grounds into double play, 4-6-3 (Groundball, 4)
Top of the 9th over - 0 run(s), 1 hit(s), 1 error(s), 1 left on base; Balboa 1 - Augusta 2
This league is powered by Out of the Park Baseball, the baseball management simulation game for PC, Mac and Linux
Saturday, July 25th, 2015 - OOTP Baseball 15.6 Build 34